 Dungeon Crawl Stone Soup version 0.22.1-2-g9c5b331 (webtiles) character file.

133 voilodion the Skirmisher (level 4, -1/37 HPs)
             Began as a Demonspawn Chaos Knight on Dec 2, 2018.
             Slain by an adder (4 damage)
             ... on level 4 of the Dungeon.
             The game lasted 00:13:54 (2274 turns).

voilodion the Skirmisher (Demonspawn Chaos Knight)  Turns: 2274, Time: 00:13:54

Health: -1/37      AC:  3    Str: 11    XL:     4   Next: 93%
Magic:  4/4        EV: 11    Int: 13    God:    Xom [...*..]
Gold:   34         SH:  0    Dex: 11    Spells: 3/3 levels left

rFire    . . .     SeeInvis .   a - +0 falchion (chaos)
rCold    . . .     Gourm    .   (no shield)
rNeg     + . .     Faith    .   b - +2 leather armour
rPois    .         Spirit   .   (helmet restricted)
rElec    .         Reflect  .   (no cloak)
rCorr    .         Harm     .   (no gloves)
MR       .....                  (no boots)
Stlth    +.........             (no amulet)
HPRegen  0.12/turn              r - ring of positive energy
MPRegen  0.09/turn              (no ring)

@: lethally poisoned (-1 -> -1)
A: antennae 2, blurry vision 1, clumsy 1, deformed body, demonic guardian 1,
weak 1
a: Renounce Religion


You were on level 4 of the Dungeon.
You worshipped Xom.
You were a favourite toy of Xom.
You were hungry.

You visited 1 branch of the dungeon, and saw 4 of its levels.

You collected 34 gold pieces.

Inventory:

Hand Weapons
 a - a +0 falchion of chaos (weapon)
 c - a +0 club
 e - a +0 club
 f - a cursed +0 hunting sling
 h - a +0 spear
 i - a +0 short sword
 l - a +0 club
 m - a +0 dagger
 o - a +0 dagger
 p - a +0 dagger
 q - a +0 club
 t - a +0 club
 x - a +0 dagger
 z - a +0 rapier
 B - a +0 falchion
Missiles
 d - 86 stones (quivered)
 s - 42 arrows
 w - 10 poisoned needles
Armour
 b - a +2 leather armour (worn)
 v - a +0 leather armour
 y - a +0 helmet
 C - a +0 leather armour
Jewellery
 r - a ring of positive energy (left hand)
Scrolls
 k - 3 scrolls of teleportation {unknown}
 n - a scroll of fear {unknown}
 u - 2 scrolls of enchant weapon {unknown}
 D - a scroll of identify {unknown}
Potions
 g - a potion of magic
 A - a potion of haste {unknown}
Comestibles
 j - 2 rations


   Skills:
 + Level 3.8 Fighting
 + Level 3.8 Long Blades
 + Level 2.5 Armour
 + Level 1.4 Dodging
 + Level 1.0 Stealth


You had 3 spell levels left.
You didn't know any spells.
Your spell library was empty.

Dungeon Overview and Level Annotations

Branches:
Dungeon (3/15)

Altars:
Gozag
Yredelemnul
The Shining One

Shops:
D:2 *


Innate Abilities, Weirdness & Mutations

You have a pair of antennae on your head.
A weak demonic guardian rushes to your aid.
Scrolls take you a little longer to read.
You are clumsy. (Dex -2)
Armour fits poorly on your strangely shaped body.
You are weak. (Str -2)


Message History

The hound completely misses the plant.
Your iron imp misses the adder.
A leopard gecko comes into view.
The orc hits the plant but does no damage.
The adder bites your iron imp but does no damage.
The adder bites your iron imp but does no damage.
The orc hits the plant but does no damage.
A leopard gecko comes into view.
The leopard gecko hisses angrily.
Something barely misses the howler monkey.
Your iron imp misses the adder.
The leopard gecko moves out of view.
Found a runed garnet ring.
You feel sick.
The howler monkey hits your iron imp but does no damage.
Found 12 gold pieces.
You feel sick.
A worker ant comes into view.
The leopard gecko hisses menacingly.
You feel sick. The adder bites you.
You die... "This toy is broken."

..# ### ..# #. ..##.##
a. # ..#..###. . #.
....##..#######..
.##.###.#.##.##..<.....
.........#..#.##........
............#†..@.......
.P......P......S........
♣P..♣♣♣P.#....l5...####
♣P.P♣ ♣......l#.##.#
♣♣..P♣♣♣P5##..........
P.........##o###.##....
..h.h...{.##h###.# ##..
.P..P5P.P.....##.. ..
♣♣P..♣♣♣Pl#....# #.


You could see a howler monkey, an adder, an orc, 2 leopard geckos, a friendly
iron imp and a friendly quasit (wandering).

Vanquished Creatures
  A scorpion (D:4)
  A hound (D:2)
  A worker ant (D:4)
  An adder (D:2)
  A worm (D:2)
  8 bats
  7 goblins
  4 hobgoblins (D:1)
  A ball python (D:1)
  2 kobolds
  2 rats
29 creatures vanquished.

Vanquished Creatures (collateral kills)
  An orc (D:4)
1 creature vanquished.

Grand Total: 30 creatures vanquished

Notes
Turn   | Place    | Note
-------+----------+-------------------------------------------
     0 | D:1      | voilodion the Demonspawn Chaos Knight began the quest for
                  | the Orb.
     0 | D:1      | Reached XP level 1. HP: 18/18 MP: 1/1
   143 | D:1      | XOM: divination: detect items
   150 | D:1      | XOM: divination: magic mapping
   224 | D:1      | XOM: divination: magic mapping
   378 | D:1      | XOM: harmless Fire miscast
   449 | D:1      | Gained mutation: You have a pair of small antennae on your
                  | head. [demonic ancestry]
   449 | D:1      | Reached XP level 2. HP: 21/24 MP: 2/2
   815 | D:1      | XOM: 8-stop teleportation journey
  1422 | D:2      | XOM: enchant monster (bad)
  1430 | D:2      | Reached skill level 1 in Dodging
  1430 | D:2      | Gained mutation: A weak demonic guardian rushes to your
                  | aid. [demonic ancestry]
  1430 | D:2      | Reached XP level 3. HP: 9/29 MP: 3/3
  1514 | D:2      | Found a basalt altar of Yredelemnul.
  1659 | D:2      | XOM: give mutations
  1659 | D:2      | Gained mutation: Scrolls take you a little longer to read.
                  | [Xom's mischief]
  1659 | D:2      | Gained mutation: You are clumsy. (Dex -2) [Xom's mischief]
  1659 | D:2      | Gained mutation: Armour fits poorly on your strangely
                  | shaped body. [Xom's mischief]
  1659 | D:2      | Gained mutation: You are weak. (Str -2) [Xom's mischief]
  1765 | D:2      | Found Gozag's Platinum Reserve.
  1781 | D:2      | Found an opulent altar of Gozag.
  1960 | D:2      | XOM: 3-stop teleportation journey
  2200 | D:3      | Found a glowing golden altar of the Shining One.
  2209 | D:3      | You fall through a shaft!
  2214 | D:4      | Gained mutation: You have a pair of antennae on your head.
                  | [demonic ancestry]
  2214 | D:4      | Reached XP level 4. HP: 37/37 MP: 4/4
  2243 | D:4      | Reached skill level 1 in Stealth
  2274 | D:4      | Slain by an adder

Skill      XL: |  1  2  3  4 |
---------------+-------------+-----
Armour         | 2 |  2.5
Long Blades    | 3 |  3.8
Dodging        | 1 |  1.4
Stealth        | 1 |  1.0
Fighting       | |  3.8

Action                   |  1- 3 |  4- 6 || total
-------------------------+-------+-------++-------
Melee: Falchion          |    76 |     9 ||    85
  Use: Scroll            |     1 |       ||     1
       Potion            |     1 |       ||     1
 Stab: Sleeping          |     1 |       ||     1
  Eat: Ration            |     1 |       ||     1
Armor: Leather armour    |    33 |     1 ||    34
Dodge: Dodged            |    49 |     4 ||    53
       Rpst.: Falchion   |    17 |     3 ||    20
